AoeStats
← Warningeye

Golden Pit

510135302Analyzed
1v1 RM · 2d ago on Sep 29, 2026· 45m 21s· 2 players
Game mode
Random Map
Map size
Tiny (2 player)
Population
200
Speed
Normal
Resources
Standard
Victory
Conquest
Starting age
Dark Age
Ending age
Imperial Age
RankedLock teamsTeams togetherTeam positionsShared explorationLock speedFull tech treeHidden civsTurbo modeCheats
Victory
Defeat
🇪🇸 Berbers · Spain
1090
+15
🇬🇧 Berbers · United Kingdom
1060
-15
almagrix4
4:41 Loom
9:40 Feudal Age
10:26 Double-Bit Axe
20:44 Castle Age
19:23 Fletching
19:38 Horse Collar
33:00 Bloodlines
32:50 Husbandry
35:09 Wheelbarrow
37:40 Imperial Age
36:29 Forging
38:21 Hand Cart
39:12 Bow Saw
39:36 Conscription
42:20 Chemistry
42:11 Iron Casting
41:41 Scale Barding Armor
41:53 Bodkin Arrow
45:35 Blast Furnace
44:56 Chain Barding Armor
44:39 Bracer
Warningeye
9:32 Feudal Age
9:38 Loom
10:01 Double-Bit Axe
14:19 Horse Collar
19:21 Castle Age
18:02 Gold Mining
22:15 Fletching
22:26 Padded Archer Armor
22:36 Stone Mining
23:10 Bow Saw
24:56 Bloodlines
27:05 Town Watch
27:40 Scale Barding Armor
29:01 Bodkin Arrow
29:49 Husbandry
33:05 Thumb Ring
33:20 Leather Archer Armor
33:58 Forging
34:31 Ballistics
35:50 Iron Casting
36:29 Wheelbarrow
37:55 Heavy Plow
38:32 Masonry
41:23 Imperial Age
39:49 Hand Cart
40:16 Chain Barding Armor
42:47 Elite Genitour
43:34 Bracer
43:30 Cavalier
46:14 Chemistry
Connection lost

Rejoining the realm…

Still unreachable

The connection could not be restored.

Session expired

The server has moved on; the page needs a fresh start.